 Dungeon Crawl Stone Soup version 0.24-a0-29-g43a6aff (webtiles) character file.

Game seed: 1942844500804158083

1750 George the Carver (level 8, -15/67 HPs)
             Began as a Minotaur Fighter on Feb 2, 2019.
             Was an Initiate of the Shining One.
             Demolished by Eustachio
             ... wielding a +5 rapier of electrocution
              (18 damage)
             ... on level 6 of the Dungeon.
             The game lasted 00:05:52 (4286 turns).

George the Carver (Minotaur Fighter)                Turns: 4286, Time: 00:05:53

Health: -15/67     AC: 10    Str: 28      XL:     8   Next: 78%
Magic:  8/8        EV:  6    Int:  5      God:    the Shining One [......]
Gold:   257        SH: 10    Dex:  9 (10) Spells: 7/7 levels left

rFire    . . .     SeeInvis .   a - +0 long sword
rCold    . . .     Gourm    .   c - +0 shield
rNeg     . . .     Faith    .   x - +0 chain mail
rPois    .         Spirit   .   (helmet restricted)
rElec    .         Reflect  .   o - +0 cloak {MR+}
rCorr    .         Harm     .   (no gloves)
MR       +....                  (no boots)
Stlth    ..........             (no amulet)
HPRegen  0.21/turn              (no ring)
MPRegen  0.11/turn              (no ring)

@: mighty, glowing
A: retaliatory headbutt, horns 2
a: Renounce Religion


You were on level 6 of the Dungeon.
You worshipped the Shining One.
The Shining One was noncommittal.
You were not hungry.

You visited 2 branches of the dungeon, and saw 7 of its levels.

You collected 257 gold pieces.

Inventory:

Hand Weapons
 a - a +0 long sword (weapon)
Armour
 c - a +0 shield (worn)
 o - a +0 cloak of magic resistance (worn)
 x - a +0 chain mail (worn)
Jewellery
 l - an uncursed ring of fire
Scrolls
 e - 6 scrolls of identify {unknown}
 g - a scroll of blinking {unknown}
 i - 6 scrolls of remove curse {unknown}
 k - 2 scrolls of teleportation {unknown}
 n - a scroll of immolation {unknown}
 p - a scroll of fog {unknown}
 s - a scroll of magic mapping {unknown}
 u - 3 scrolls of amnesia {unknown}
 w - a scroll of fear {unknown}
 y - a scroll of enchant weapon {unknown}
Potions
 h - 3 potions of degeneration {unknown}
 j - 3 potions of heal wounds {unknown}
 m - 5 potions of curing {unknown}
 q - a potion of magic {unknown}
 r - a potion of brilliance {unknown}
 t - 2 potions of haste {unknown}
 v - 2 potions of cancellation {unknown}
Comestibles
 f - 8 rations


   Skills:
 + Level 4.9 Fighting
 * Level 11.7 Long Blades
 + Level 4.8 Armour
 + Level 4.9 Shields
 + Level 2.3 Invocations


You had 7 spell levels left.
You didn't know any spells.
Your spell library was empty.

Dungeon Overview and Level Annotations

Branches:
Dungeon (6/15)             Temple (1/1) D:5

Altars:
Ashenzari
Cheibriados
Dithmenos
Elyvilon
Fedhas
Gozag
Hepliaklqana
Kikubaaqudgha
Makhleb
Nemelex Xobeh
Okawaru
Qazlal
Ru
Trog
Vehumet
Wu Jian
Yredelemnul
Zin
The Shining One

Shops:
D:4 }

Annotations:
D:6 Eustachio


Innate Abilities, Weirdness & Mutations

You reflexively headbutt those who attack you in melee.
You have a pair of horns on your head.


Message History

You block the rat's attack. You block the river rat's attack.
Eustachio mumbles some strange words.
You slash the crimson imp!
The crimson imp is heavily wounded.
The crimson imp disappears in a puff of smoke!
The rat bites you but does no damage. The river rat completely misses you.
You riposte.
You closely miss the river rat. You block the bat's attack.
You block the rat's attack.
The river rat bites you but does no damage.
Eustachio mumbles some strange words.
You block the bat's attack.
The ufetubus hits you but does no damage.
You block the ufetubus's attack. The bat hits you but does no damage.
The freed slave hits the iron imp.
The crimson imp barely misses you. You furiously retaliate!
You headbutt the crimson imp!
Eustachio brags, "I can call spirits from the vasty deep."
Eustachio hits you with a +5 rapier of electrocution!
* * * LOW HITPOINT WARNING * * *
You are electrocuted!!
You die...

#..........# #..........#
#..........# #####
#..........### ....#
###..#............. ....#
#....+...5p........ ....#
#....#.5b@[)....... ....#
#....#.p@5[†....... ....#
#....#.5.rr........
....#####....#......#+##...
....#..##....#......# .
....'..###'###......#
....#..'.....'......#
(..<#..##....#......#
....#..##....#..)...#
....#..#.....#.†)...#


You could see Eustachio, an iron imp, a crimson imp, a river rat, 2 ufetubi, a
bat, a rat and 2 neutral freed slaves.

Vanquished Creatures
  Pikel (D:6)
  Prince Ribbit (D:5)
  Sigmund (D:4)
  2 slaves (D:6)
  A sky beast (D:5)
  A black bear (D:6)
  A phantom (D:5)
  A centaur (D:6)
  A bullfrog zombie (D:5)
  A howler monkey (D:3)
  A bullfrog skeleton (D:5)
  2 hounds (D:5)
  Crazy Yiuf (D:2)
  3 orc priests (D:4)
  A centaur skeleton (D:4)
  3 worker ants
  Terence (D:2)
  4 gnolls (D:6)
  9 adders
  An ooze (D:4)
  An adder skeleton (D:5)
  2 worms
  2 dart slugs
  6 leopard geckos
  6 orcs
  2 ball pythons
  5 bats
  7 giant cockroaches
  7 goblins
  9 hobgoblins
  20 jackals
  5 kobolds
  6 quokkas
  2 frilled lizards
  A quokka skeleton (D:4)
  5 rats
123 creatures vanquished.

Notes
Turn   | Place    | Note
-------+----------+-------------------------------------------
     0 | D:1      | George the Minotaur Fighter began the quest for the Orb.
     0 | D:1      | Reached XP level 1. HP: 19/19 MP: 0/0
    30 | D:1      | Reached skill level 3 in Long Blades
   133 | D:1      | Reached XP level 2. HP: 20/26 MP: 1/1
   240 | D:1      | Reached skill level 4 in Long Blades
   396 | D:1      | Reached XP level 3. HP: 25/31 MP: 2/2
   718 | D:2      | Found a snail-covered altar of Cheibriados.
   899 | D:2      | Noticed Terence
   902 | D:2      | Killed Terence
   902 | D:2      | Reached skill level 5 in Long Blades
   902 | D:2      | Reached XP level 4. HP: 27/39 MP: 3/3
  1240 | D:2      | Found a runed translucent door.
  1241 | D:2      | Noticed Crazy Yiuf
  1595 | D:2      | Killed Crazy Yiuf
  1701 | D:3      | Reached skill level 6 in Long Blades
  1733 | D:3      | Found a glowing silver altar of Zin.
  1761 | D:3      | Reached XP level 5. HP: 44/45 MP: 4/4
  1898 | D:3      | Reached skill level 7 in Long Blades
  2109 | D:2      | Found a sparkling altar of Nemelex Xobeh.
  2256 | D:4      | Noticed Sigmund
  2266 | D:4      | Killed Sigmund
  2266 | D:4      | Reached skill level 8 in Long Blades
  2266 | D:4      | Reached XP level 6. HP: 51/51 MP: 5/5
  2535 | D:4      | Reached skill level 9 in Long Blades
  2619 | D:4      | Found Natsais's Gadget Shop.
  2644 | D:4      | Reached XP level 7. HP: 46/57 MP: 6/6
  3044 | D:5      | Entered Level 5 of the Dungeon
  3193 | D:5      | Reached skill level 10 in Long Blades
  3246 | D:5      | Found a staircase to the Ecumenical Temple.
  3431 | D:5      | Found a shadowy altar of Dithmenos.
  3452 | Temple   | Entered the Ecumenical Temple
  3695 | Temple   | Became a worshipper of the Shining One
  3729 | D:5      | Noticed Prince Ribbit
  3866 | D:5      | Killed Prince Ribbit
  3866 | D:5      | Reached skill level 11 in Long Blades
  3866 | D:5      | Reached XP level 8. HP: 36/66 MP: 7/7
  4052 | D:6      | Found an opulent altar of Gozag.
  4091 | D:6      | Reached skill level 1 in Invocations
  4247 | D:6      | Noticed Pikel
  4253 | D:6      | Noticed Eustachio
  4269 | D:6      | Killed Pikel
  4286 | D:6      | HP: 3/67 [Eustachio/+5 rapier of electrocution (7)]
  4286 | D:6      | Demolished by Eustachio

Vault maps used:
D:1:      lemuel_arrival_cross
D:2:      lemuel_upstairs_altar, kennysheep_slug_shrine, serial_rivers,
          chequers_serial_rivers_room_a, chequers_serial_rivers_room_b,
          chequers_serial_rivers_room_b, chequers_serial_rivers_micro_b,
          chequers_serial_rivers_marsh, chequers_serial_rivers_micro_a,
          uniq_crazy_yiuf_cottage, uniq_terence
D:3:      lemuel_doored_altar
D:4:      serial_shops, shop, uniq_sigmund
D:5:      lemuel_coloured_pillars_altar, grunt_dithmenos_shadows,
          minmay_temple_entry_statues_pillars, first_ration, uniq_prince_ribbit1
D:6:      dancing_weapons_uskayaw, grunt_gozag_breadcrumbs,
          trog_three_pillars_becter, uniq_grinder, uniq_pikel, uniq_duvessa,
          uniq_eustachio
Temple:   eino_temple_water

Skill      XL: |  1  2  3  4  5  6  7  8 |
---------------+-------------------------+-----
Long Blades    | 3 4 5 6 8 9 11 | 11.7
Fighting       | 4 |  4.9
Armour         | 4 |  4.8
Shields        | 4 |  4.9
Invocations    | 2 |  2.3

Action                   |  1- 3 |  4- 6 |  7- 9 || total
-------------------------+-------+-------+-------++-------
Melee: Long sword        |    62 |   144 |   175 ||   381
       Headbutt          |    12 |    20 |    34 ||    66
  Use: Potion            |       |       |     1 ||     1
  Eat: Chunk             |       |     6 |     2 ||     8
       Ration            |       |       |     1 ||     1
Armor: Scale mail        |    29 |    56 |    32 ||   117
       Chain mail        |       |       |    93 ||    93
Dodge: Dodged            |    19 |    41 |    45 ||   105
Block: Shield            |    35 |    74 |   112 ||   221
       Rpst.: Long sword |     4 |    10 |    13 ||    27

Table legend:
 A = Non-vault XP
 B = Vault XP
 C = Vault XP percentage of total XP
 D = Non-vault monster count
 E = Vault monster count
 F = Vault count percentage of total count
                 A         B        C        D         E       F
            +---------+---------+-------+---------+---------+-------
      Total |    1220 |    1280 |  51.2 |     114 |       7 |   5.8
            +---------+---------+-------+---------+---------+-------
        D:1 |      46 |       0 |   0.0 |      24 |       0 |   0.0
        D:2 |      21 |      77 |  78.6 |      12 |       3 |  20.0
        D:3 |     201 |       0 |   0.0 |      27 |       0 |   0.0
        D:4 |     319 |     223 |  41.1 |      26 |       1 |   3.7
        D:5 |     327 |     373 |  53.3 |      13 |       2 |  13.3
        D:6 |     306 |     607 |  66.5 |      12 |       1 |   7.7
            +---------+---------+-------+---------+---------+-------
